AoeStats
← Chiqui Tapia

Nomad

509753461Analyzed
3v3 RM · 4d ago on Sep 27, 2026· 39m 34s· 6 players
Game mode
Random Map
Map size
210×210
Population
200
Speed
Normal
Resources
Standard
Victory
Conquest
Starting age
Dark Age
Ending age
Imperial Age
RankedLock teamsTeams togetherTeam positionsShared explorationLock speedFull tech treeHidden civsTurbo modeCheats
Victory
Defeat
🇦🇷 Vikings · Argentina
1240
+13
🇦🇷 Armenians · Argentina
1239
+13
🇦🇷 Bulgarians · Argentina
1034
+22
🇺🇸 Magyars · United States
1191
-17
🇪🇸 Inca · Spain
1187
-16
🇹🇷 Aztecs · Türkiye
1139
-15
LE Lamechara
11:37 Loom
13:48 Feudal Age
17:26 Castle Age
16:48 Bloodlines
17:24 Scale Barding Armor
23:18 Horse Collar
25:45 Wheelbarrow
26:03 Double-Bit Axe
34:33 Bow Saw
36:00 Chain Barding Armor
35:54 Light Cavalry
36:34 Husbandry
37:00 Hand Cart
36:31 Town Watch
37:56 Fletching
BachWagner
14:40 Feudal Age
12:57 Loom
18:52 Castle Age
17:19 Forging
18:02 Stone Mining
18:16 Scale Mail Armor
18:53 Man-at-Arms
21:47 Squires
22:50 Gambesons
25:37 Wheelbarrow
25:40 Arson
< Lucho >
13:20 Feudal Age
13:39 Loom
14:13 Double-Bit Axe
18:18 Castle Age
17:51 Champi Runner
18:45 Forging
18:23 Horse Collar
18:34 Gold Mining
23:32 Bow Saw
24:25 Champi Warrior
26:04 Squires
25:50 Arson
26:37 Scale Mail Armor
29:47 Wheelbarrow
32:46 Imperial Age
31:35 Gold Shaft Mining
31:47 Chain Mail Armor
32:49 Iron Casting
34:29 Plate Mail Armor
35:43 Blast Furnace
35:24 Elite Champi Warrior
Trocotoide
3:24 Loom
14:50 Feudal Age
15:45 Double-Bit Axe
17:06 Horse Collar
17:17 Man-at-Arms
19:19 Long Swordsman
22:33 Castle Age
20:53 Scale Mail Armor
22:18 Forging
22:58 Pikeman
30:44 Gambesons
33:13 Squires
33:50 Fletching
35:49 Gold Mining
35:49 Stone Mining
37:45 Two-Handed Swordsman
38:12 Arson
39:30 Halberdier
Chiqui Tapia
14:41 Feudal Age
26:53 Castle Age
27:54 Forging
Bellota
5:47 Loom
12:51 Feudal Age
13:53 Double-Bit Axe
15:25 Fishing Lines
18:45 Castle Age
18:13 Forging
19:43 Bow Saw
19:52 Town Watch
21:02 Gillnets
22:31 Horse Collar
24:20 Fletching
25:03 Gold Mining
30:14 Imperial Age
28:08 Heavy Plow
28:46 Gold Shaft Mining
28:48 Scale Mail Armor
29:23 Iron Casting
28:50 Squires
28:35 Arson
29:06 Man-at-Arms
30:14 Medium Warships
30:24 Chain Mail Armor
29:57 Long Swordsman
30:58 Bodkin Arrow
31:36 Plate Mail Armor
32:07 Blast Furnace
31:14 Two-Handed Swordsman
32:19 Conscription
33:28 Champion
34:43 Chieftains
34:40 Pikeman
Connection lost

Rejoining the realm…

Still unreachable

The connection could not be restored.

Session expired

The server has moved on; the page needs a fresh start.